 Dungeon Crawl Stone Soup version 0.23-a0-151-gf6d1ed2 (webtiles) character file.

940 Inarius the Skirmisher (level 8, -1/81 HPs)
             Began as an Ogre Hunter on Sept 7, 2018.
             Was a Priest of Cheibriados.
             Slain by a howler monkey skeleton (6 damage)
             ... on level 5 of the Dungeon.
             The game lasted 00:15:04 (5601 turns).

Inarius the Skirmisher (Ogre Hunter)                Turns: 5601, Time: 00:15:06

Health: -1/81      AC: -2    Str: 25    XL:     8   Next: 12%
Magic:  12/12      EV: 12    Int: 18    God:    Cheibriados [***...]
Gold:   5          SH:  0    Dex: 20    Spells: 12/12 levels left

rFire    . . .     SeeInvis .   z - +6 mace of the Eternal Warrior {flame, rElec rPois rC+ Dex+5}
rCold    + . .     Gourm    .   (no shield)
rNeg     . . .     Faith    .   b - +0 robe
rPois    +         Spirit   .   (helmet restricted)
rElec    +         Reflect  .   y - +2 cloak
rCorr    .         Harm     .   (gloves unavailable)
MR       .....                  (boots unavailable)
Stlth    ++........             (no amulet)
HPRegen  0.23/turn              (no ring)
MPRegen  0.13/turn              (no ring)

@: corroded, very slow
A: large, unfitting armour, tough skin 1
a: Bend Time, Temporal Distortion, Renounce Religion


You were on level 5 of the Dungeon.
You worshipped Cheibriados.
Cheibriados was most pleased with you.
You were not hungry.

You visited 1 branch of the dungeon, and saw 5 of its levels.

You collected 201 gold pieces.
You spent 196 gold pieces at shops.

Inventory:

Hand Weapons
 z - the +6 mace of the Eternal Warrior (weapon) {flame, rElec rPois rC+ Dex+5}
   (You found it on level 4 of the Dungeon)

   It has been specially enchanted to burn those struck by it, causing extra
   injury to most foes and up to half again as much damage against particularly
   susceptible opponents.
   It affects your dexterity (+5).
   It protects you from cold.
   It insulates you from electricity.
   It protects you from poison.
 A - a cursed -1 giant spiked club
Missiles
 c - 4 large rocks (quivered)
 d - 3 throwing nets
 g - 135 stones
Armour
 b - a +0 robe (worn)
 y - a +2 cloak (worn)
Wands
 x - a wand of iceblast (7)
Scrolls
 j - a scroll of noise {unknown}
 m - 6 scrolls of remove curse
 r - 4 scrolls of immolation
 t - a scroll of teleportation
 u - a scroll of torment {unknown}
 v - 3 scrolls of random uselessness {unknown}
 w - 2 scrolls of fog {unknown}
 B - a scroll of amnesia {unknown}
 C - a scroll of magic mapping
Potions
 a - a potion of invisibility {unknown}
 e - a potion of flight {unknown}
 h - a potion of magic {unknown}
 i - 2 potions of heal wounds {unknown}
 l - 2 potions of might
 n - 4 potions of agility
 o - a potion of berserk rage {unknown}
 p - a potion of cancellation {unknown}
 q - a potion of degeneration {unknown}
 s - 2 potions of brilliance {unknown}
Comestibles
 f - 11 rations


   Skills:
 - Level 5.5 Fighting
   Level 2.4 Short Blades
 * Level 4.5 Maces & Flails
 + Level 5.2 Throwing
 + Level 3.6 Dodging
 - Level 0.7 Stealth
 - Level 2.7 Spellcasting


You had 12 spell levels left.
You didn't know any spells.
Your spell library was empty.

Dungeon Overview and Level Annotations

Branches:
Dungeon (5/15)
 Temple: D:4-7

Altars:
Ashenzari
Cheibriados
Uskayaw
Vehumet
Yredelemnul

Shops:
D:4 ?


Innate Abilities, Weirdness & Mutations

You are too large for most types of armour.
You have tough skin. (AC +1)


Message History

The howler monkey skeleton barely misses you.
The orc zaps a wand.
The bolt of acid hits you!
* * * LOW HITPOINT WARNING * * *
The acid corrodes you!
You are splashed with acid!
The acid burns!
* * * LOW HITPOINT WARNING * * *
You feel better. The howler monkey skeleton hits you.
* * * LOW HITPOINT WARNING * * *
The orc zaps a wand.
The bolt of acid misses you. The howler monkey skeleton hits you.
* * * LOW HITPOINT WARNING * * *
The orc throws a stone.
The stone misses you.
Items here: $ ) [ † a falchion; a scale mail; 10 gold pieces; an orc corpse Throwing (i - inventory. (/) - cycle)
c - 5 large rocks (quivered)
Press: ? - help, Shift-Dir - straight line, f - orc
Aim: an orc, wielding a rapier, wearing a leather armour and carrying a wand of You throw a large rock.
The large rock hits the orc.
The orc is heavily wounded.
The howler monkey skeleton hits you.
You die...

#..#### #.#.# ##....# #.#.# .
####.# #.#.. ##. ############
#.# #.##.. #.. #....[.....#
#.###.# #.##.# #..........#
#...#.# ....# ## #..........#
###.#.# #.# #.
#....<.....######...######.###.
#........(....@.o.....(..(.(..)
#..........##.Z....####........
#..........##...........#.##...
#..................######.##...
#..........##......# #....#.
#############......# #..###.
#......### #.## #) #........#
#.# #. ######.#.#


You could see an orc and a howler monkey skeleton.

Vanquished Creatures
  Menkaure (D:4)
  A sky beast (D:5)
  2 ogres
  A scorpion (D:4)
  A crimson imp (D:5)
  A hound (D:4)
  Crazy Yiuf (D:3)
  A bullfrog skeleton (D:4)
  2 orc wizards
  3 worker ants (D:4)
  A hound zombie (D:5)
  A hound skeleton (D:4)
  8 adders
  A worm (D:2)
  4 dart slugs
  4 leopard geckos
  15 orcs
  11 bats
  2 giant cockroaches
  8 goblins
  9 hobgoblins
  22 jackals
  3 quokkas
  A ball python (D:4)
  7 frilled lizards
  8 kobolds
  6 rats
125 creatures vanquished.

Vanquished Creatures (others)
  2 orcs (D:5)
2 creatures vanquished.

Grand Total: 127 creatures vanquished

Notes
Turn   | Place    | Note
-------+----------+-------------------------------------------
     0 | D:1      | Inarius the Ogre Hunter began the quest for the Orb.
     0 | D:1      | Reached XP level 1. HP: 22/22 MP: 1/1
   313 | D:1      | Reached XP level 2. HP: 31/31 MP: 2/2
   660 | D:1      | Found a shattered altar of Ashenzari.
   877 | D:1      | Reached XP level 3. HP: 34/37 MP: 3/3
  1094 | D:2      | Found a radiant altar of Vehumet.
  1114 | D:2      | Reached skill level 1 in Short Blades
  1469 | D:2      | Reached XP level 4. HP: 43/46 MP: 4/4
  1640 | D:2      | Reached skill level 1 in Spellcasting
  2903 | D:3      | Reached XP level 5. HP: 48/54 MP: 6/6
  3163 | D:3      | You fall through a shaft for 2 floors!
  3163 | D:5      | Entered Level 5 of the Dungeon
  3332 | D:5      | Noticed an ogre
  3352 | D:5      | Killed an ogre
  3352 | D:5      | Reached XP level 6. HP: 22/63 MP: 8/8
  3579 | D:5      | Noticed a sky beast
  3584 | D:5      | Killed a sky beast
  3584 | D:5      | Reached skill level 5 in Fighting
  3584 | D:5      | Reached skill level 5 in Throwing
  3607 | D:4      | Reached skill level 1 in Maces & Flails
  4001 | D:3      | Found a hide-covered altar of Uskayaw.
  4254 | D:3      | Found a faded altar of an unknown god.
  4256 | D:3      | Became a worshipper of Cheibriados the Contemplative
  4256 | D:3      | Reached * piety under Cheibriados
  4293 | D:3      | Found a runed door.
  4297 | D:3      | Noticed Crazy Yiuf
  4298 | D:3      | Killed Crazy Yiuf
  4298 | D:3      | Reached XP level 7. HP: 72/72 MP: 10/10
  4482 | D:4      | Found a basalt altar of Yredelemnul.
  5023 | D:4      | Reached ** piety under Cheibriados
  5096 | D:4      | Got a brightly glowing mace
  5097 | D:4      | Identified the +6 mace of the Eternal Warrior {flame, rElec
                  | rPois rC+ Dex+5} (You found it on level 4 of the Dungeon)
  5119 | D:4      | Noticed Menkaure
  5125 | D:4      | Killed Menkaure
  5250 | D:4      | Reached XP level 8. HP: 81/81 MP: 12/12
  5318 | D:4      | Found Iloirch's Magic Scroll Emporium.
  5335 | D:4      | Bought a scroll of teleportation for 42 gold pieces
  5335 | D:4      | Bought a scroll of enchant armour for 105 gold pieces
  5335 | D:4      | Bought a scroll of magic mapping for 49 gold pieces
  5573 | D:5      | Reached *** piety under Cheibriados
  5598 | D:5      | HP: 1/81 [acid (17)]
  5601 | D:5      | Slain by a howler monkey skeleton

Vault maps used:
D:1:      lemuel_arrival_cross, minmay_misc_feat_four_crosses,
          evilmike_ruin_ashenzari
D:2:      vehumet_crystals, first_ration
D:3:      lemuel_round_altar, chequers_ecumenical_altar_twisty,
          uniq_crazy_yiuf_cottage
D:4:      yredelemnul_altar_generic, serial_shops, shop_scrolls, uniq_menkaure
D:5:      nicolae_gozag_zags_fifth_avenue, kennysheep_mini,
          minmay_misc_feat_alley

Skill      XL: |  1  2  3  4  5  6  7 |
---------------+----------------------+-----
Fighting       | 3 4 5 |  5.5
Short Blades   | 1 2 |  2.4
Dodging        | 2 3 |  3.6
Spellcasting   | 1 2 |  2.7
Throwing       | 5 |  5.2
Maces & Flails | 1 4 |  4.5
Stealth        | |  0.7

Action                   |  1- 3 |  4- 6 |  7- 9 || total
-------------------------+-------+-------+-------++-------
Melee: Dagger            |   128 |   167 |       ||   295
       Short sword       |     8 |       |       ||     8
       Giant club        |       |    37 |    75 ||   112
       Mace              |       |       |    42 ||    42
Throw: Large rock        |     2 |    12 |     1 ||    15
       Stone             |       |    34 |    29 ||    63
  Use: Potion            |       |     2 |     4 ||     6
       Scroll            |       |     3 |     3 ||     6
 Stab: Sleeping          |     2 |     1 |     1 ||     4
  Eat: Chunk             |     2 |     9 |     2 ||    13
Armor: Robe              |    28 |    55 |    56 ||   139
Dodge: Dodged            |    62 |    91 |   118 ||   271

Table legend:
 A = Non-vault XP
 B = Vault XP
 C = Vault XP percentage of total XP
 D = Non-vault monster count
 E = Vault monster count
 F = Vault count percentage of total count
                 A         B        C        D         E       F
            +---------+---------+-------+---------+---------+-------
      Total |    1116 |     227 |  16.9 |     123 |       2 |   1.6
            +---------+---------+-------+---------+---------+-------
        D:1 |      37 |       0 |   0.0 |      22 |       0 |   0.0
        D:2 |      77 |       0 |   0.0 |      27 |       0 |   0.0
        D:3 |     118 |      44 |  27.2 |      26 |       1 |   3.7
        D:4 |     543 |     183 |  25.2 |      42 |       1 |   2.3
        D:5 |     341 |       0 |   0.0 |       6 |       0 |   0.0
            +---------+---------+-------+---------+---------+-------
